 Dungeon Crawl Stone Soup version 0.22.1-1-ga44c0e56f4 (webtiles) character file.

16100 Knicklaso the Severer (level 12, -1/110 HPs)
             Began as a Minotaur Berserker on Oct 6, 2018.
             Was a High Priest of Trog.
             Hit by a javelin thrown by a minotaur (11 damage)
             ... in a labyrinth.
             The game lasted 00:28:51 (12307 turns).

Knicklaso the Severer (Minotaur Berserker)         Turns: 12307, Time: 00:28:51

Health: -1/110     AC: 19    Str: 23    XL:     12   Next: 7%
Magic:  11/11      EV: 13    Int:  4    God:    Trog [*****.]
Gold:   755        SH:  0    Dex: 14    Spells: 11/11 levels left

rFire    . . .     SeeInvis .   H - +3 battleaxe (chop)
rCold    . . .     Gourm    .   (shield currently unavailable)
rNeg     . . .     Faith    .   a - +4 chain mail
rPois    .         Spirit   .   (helmet restricted)
rElec    .         Reflect  .   (no cloak)
rCorr    .         Harm     .   y - +1 pair of gloves
MR       ++...                  i - +0 pair of boots
Stlth    ..........             (no amulet)
HPRegen  1.28/turn              (no ring)
MPRegen  0.12/turn              t - ring of flight

@: berserk cooldown, starving, regenerating, slowed, very slow
A: retaliatory headbutt, horns 2
a: Berserk, Trog's Hand, Brothers in Arms, Renounce Religion, Evoke Flight


You were in a labyrinth.
You worshipped Trog.
Trog was extremely pleased with you.
You were starving.

You visited 2 branches of the dungeon, and saw 11 of its levels.
You also visited: Labyrinth.

You collected 755 gold pieces.

Inventory:

Hand Weapons
 F - a +1 war axe of flaming
 H - a +3 battleaxe of chopping (weapon)
 N - a +1 antimagic broad axe
Missiles
 q - 12 tomahawks (quivered)
 u - 7 javelins of returning
Armour
 a - a +4 chain mail (worn)
 i - a +0 pair of boots (worn)
 j - a +0 large shield
 y - a +1 pair of gloves (worn)
 B - a +2 chain mail of positive energy
 M - a +0 cloak
Jewellery
 h - an uncursed amulet of the gourmand {unknown}
 t - a ring of flight (right hand)
 v - an uncursed ring of stealth {unknown}
Wands
 w - a wand of disintegration (4)
 x - a wand of random effects (29)
 A - a wand of digging (10)
 E - a wand of polymorph (10)
 K - a wand of flame (56)
Scrolls
 b - 2 scrolls of fear {unknown}
 d - 2 scrolls of teleportation
 f - a scroll of identify
 k - 3 scrolls of random uselessness
 l - 2 scrolls of noise {unknown}
 m - 7 scrolls of remove curse
 o - a scroll of blinking
 z - 2 scrolls of amnesia
 C - a scroll of enchant armour {unknown}
 G - a scroll of holy word {unknown}
 J - a scroll of fog {unknown}
Potions
 e - 6 potions of curing {unknown}
 g - 4 potions of ambrosia {unknown}
 n - a potion of resistance {unknown}
 p - 3 potions of degeneration {unknown}
 r - 3 potions of might {unknown}
 s - a potion of mutation {unknown}
 D - a potion of flight {unknown}
 I - 2 potions of magic {unknown}
 L - a potion of haste
Comestibles
 c - 22 rations


   Skills:
 + Level 11.4 Fighting
 * Level 15.1 Axes
 + Level 10.2 Armour
 + Level 9.4 Dodging
 - Level 0.7 Shields


You had 11 spell levels left.
You didn't know any spells.
Your spell library was empty.

Dungeon Overview and Level Annotations

Branches:
Dungeon (10/15)            Temple (0/1) D:6            Lair (1/6) D:8
    Orc (0/2) D:10

Altars:
Cheibriados
Elyvilon
Gozag
Kikubaaqudgha
Makhleb
Nemelex Xobeh
Qazlal
Ru
Sif Muna
Trog
Uskayaw
Vehumet
Xom
Yredelemnul


Innate Abilities, Weirdness & Mutations

You reflexively headbutt those who attack you in melee.
You have a pair of horns on your head.


Message History

The minotaur is severely wounded.
The minotaur hits you but does no damage.
The minotaur gores you. The minotaur blocks your attack.
SHROANNG!
The minotaur blocks your attack.
GONNNNG!
The minotaur is severely wounded.
The minotaur hits you with a mace!
The minotaur gores you but does no damage.
Your skin crawls.
You feel resistant to hostile enchantments.
You are starving!
The minotaur hits you with a mace!
* * * LOW HITPOINT WARNING * * *
The minotaur gores you but does no damage.
The minotaur throws a javelin.
The javelin hits you!!
* * * LOW HITPOINT WARNING * * *
The minotaur throws a javelin.
The javelin hits you!
You die...

#. # . .# .
#. .. . .# #
##. ##
###### # # .
.#.......#.#
# . .
#.#.###.#.#.
# # . # #.
#.#.#. # #
#.#.# #.. .
# . . .
#.### . #
#### #@..#.
. ## .
#.#...#. #
#H#####. #
... # #
##### # . #
.# ## # # .
..... .. ..
. .# .# . .#
...


You could see a minotaur.

Vanquished Creatures
  5 two-headed ogres
  3 unseen horrors
  2 centaur zombies
  6 gargoyles (Lab)
  A troll (D:10)
  Prince Ribbit (D:6)
  A hippogriff (D:10)
  Sigmund (D:6)
  A spriggan (D:7)
  3 redbacks (Lab)
  3 wyverns
  10 yaks
  A steam dragon (D:10)
  A water moccasin (D:8)
  3 black bears
  6 orc warriors
  3 ice beasts (D:8)
  3 sky beasts
  2 ogres
  2 centaurs (D:10)
  6 wolves (Lair:1)
  4 crocodiles
  Blork the orc (D:6)
  2 gnoll sergeants (D:9)
  A big kobold (D:10)
  6 bullfrogs
  A wyvern skeleton (D:8)
  4 scorpions
  4 killer bees (D:8)
  10 wights
  10 crimson imps
  4 howler monkeys
  A jelly (D:5)
  4 orc priests
  4 hounds
  2 bullfrog skeletons
  16 orc wizards
  3 iguanas
  5 worker ants
  3 hound skeletons
  A howler monkey zombie (D:6)
  12 gnolls
  14 adders
  A howler monkey skeleton (D:7)
  6 river rats (D:6)
  3 shadow imps
  2 oozes (D:7)
  An adder zombie (D:7)
  An adder skeleton (D:7)
  6 worms
  A dart slug (D:1)
  3 leopard geckos
  36 orcs
  7 giant cockroaches
  7 goblins
  3 hobgoblins
  4 jackals (D:2)
  5 quokkas
  3 ball pythons
  2 bats
  3 frilled lizards
  11 kobolds
  A quokka zombie (D:6)
  22 rats
304 creatures vanquished.

Notes
Turn   | Place    | Note
-------+----------+-------------------------------------------
     0 | D:1      | Knicklaso the Minotaur Berserker began the quest for the
                  | Orb.
     0 | D:1      | Reached XP level 1. HP: 19/19 MP: 0/0
   112 | D:1      | Reached skill level 4 in Axes
   190 | D:1      | Reached XP level 2. HP: 25/27 MP: 1/1
   787 | D:2      | Reached XP level 3. HP: 33/33 MP: 2/2
   789 | D:2      | Reached ** piety under Trog
   990 | D:2      | Reached skill level 5 in Axes
  1255 | D:2      | Found a sparkling altar of Nemelex Xobeh.
  1425 | D:2      | Reached XP level 4. HP: 30/41 MP: 3/3
  1661 | D:3      | Found an opulent altar of Gozag.
  1831 | D:3      | Found a sacrificial altar of Ru.
  2343 | D:4      | Noticed a sky beast
  2363 | D:4      | Killed a sky beast
  2363 | D:4      | Reached skill level 5 in Fighting
  2363 | D:4      | Reached skill level 6 in Axes
  2363 | D:4      | Reached XP level 5. HP: 18/48 MP: 4/4
  2550 | D:4      | Found a hide-covered altar of Uskayaw.
  2618 | D:4      | Reached *** piety under Trog
  2987 | D:4      | Reached skill level 7 in Axes
  3177 | D:5      | Entered Level 5 of the Dungeon
  3189 | D:5      | Reached XP level 6. HP: 56/56 MP: 5/5
  3206 | D:5      | Found a white marble altar of Elyvilon.
  3677 | D:5      | Reached skill level 8 in Axes
  3681 | D:5      | Reached XP level 7. HP: 61/63 MP: 6/6
  4063 | D:6      | Noticed Blork the orc
  4082 | D:6      | Killed Blork the orc
  4312 | D:6      | Found a snail-covered altar of Cheibriados.
  4361 | D:6      | Noticed Sigmund
  4580 | D:6      | Received a gift from Trog
  4606 | D:6      | Killed Sigmund
  4606 | D:6      | Reached skill level 9 in Axes
  4606 | D:6      | Reached XP level 8. HP: 53/71 MP: 7/7
  4851 | D:6      | Found a basalt altar of Yredelemnul.
  4851 | D:6      | Found a burning altar of Makhleb.
  4901 | D:6      | Found a staircase to the Ecumenical Temple.
  4957 | D:6      | Found a stormy altar of Qazlal.
  5068 | D:6      | Noticed Prince Ribbit
  5079 | D:6      | Killed Prince Ribbit
  5079 | D:6      | Reached skill level 10 in Axes
  5079 | D:6      | Reached skill level 5 in Armour
  5249 | D:6      | Reached skill level 5 in Dodging
  5254 | D:6      | Reached XP level 9. HP: 74/81 MP: 8/8
  5265 | D:6      | Reached **** piety under Trog
  5523 | D:7      | Found a shimmering altar of Xom.
  6539 | D:7      | Reached skill level 11 in Axes
  6731 | D:8      | Found a staircase to the Lair.
  6798 | D:8      | Noticed a two-headed ogre
  6805 | D:8      | Killed a two-headed ogre
  6805 | D:8      | Reached skill level 12 in Axes
  6805 | D:8      | Reached XP level 10. HP: 81/91 MP: 9/9
  6887 | D:8      | Killed an unseen horror
  6887 | D:8      | Reached ***** piety under Trog
  7302 | D:8      | Found a bloodstained altar of Trog.
  8018 | D:9      | Reached skill level 13 in Axes
  8022 | D:9      | Received a gift from Trog
  8408 | D:9      | Found a deep blue altar of Sif Muna.
  8416 | D:9      | Found an ancient bone altar of Kikubaaqudgha.
  8418 | D:9      | Reached skill level 10 in Fighting
  8424 | D:9      | Found a radiant altar of Vehumet.
  8531 | D:10     | Entered Level 10 of the Dungeon
  8851 | D:10     | Reached XP level 11. HP: 66/100 MP: 10/10
  9106 | D:10     | Noticed a two-headed ogre
  9113 | D:10     | Killed a two-headed ogre
  9395 | D:10     | Found a staircase to the Orcish Mines.
  9543 | D:10     | Noticed a two-headed ogre
  9544 | D:10     | Noticed a two-headed ogre
  9546 | D:10     | Killed a two-headed ogre
  9546 | D:10     | Reached skill level 14 in Axes
  9551 | D:10     | Killed a two-headed ogre
  9565 | D:10     | Noticed a two-headed ogre
  9576 | D:10     | Killed a two-headed ogre
 10225 | Lair:1   | Entered Level 1 of the Lair of Beasts
 10289 | Lair:1   | Received a gift from Trog
 10392 | Lair:1   | Found a labyrinth entrance.
 10404 | Lab      | Entered a labyrinth
 10457 | Lab      | Killed an unseen horror
 10526 | Lab      | Killed an unseen horror
 10966 | Lab      | Reached skill level 10 in Armour
 10976 | Lab      | Reached skill level 15 in Axes
 11072 | Lab      | Paralysed by fainting for 11 turns
 11117 | Lab      | Paralysed by fainting for 10 turns
 11261 | Lab      | Reached XP level 12. HP: 63/110 MP: 11/11
 12283 | Lab      | Noticed a minotaur
 12307 | Lab      | Hit by a javelin thrown by a minotaur

Skill      XL: |  1  2  3  4  5  6  7  8  9 10 11 |
---------------+----------------------------------+-----
Axes           | 4 5 6 7 8 9 10 12 13 15 | 15.1
Fighting       | 4 5 6 7 9 10 11 | 11.4
Armour         | 4 5 7 8 10 | 10.2
Dodging        | 3 5 6 7 9 |  9.4
Shields        | |  0.7

Action                   |  1- 3 |  4- 6 |  7- 9 | 10-12 || total
-------------------------+-------+-------+-------+-------++-------
Melee: Hand axe          |    90 |   125 |    24 |       ||   239
       Headbutt          |     9 |    30 |    59 |    72 ||   170
       War axe           |       |       |    28 |       ||    28
       Battleaxe         |       |       |   252 |   293 ||   545
Invok: Berserk           |       |     2 |     6 |     7 ||    15
       Trog's Hand       |       |       |     6 |     5 ||    11
  Use: Scroll            |       |       |       |     8 ||     8
  Eat: Chunk             |     1 |     6 |    19 |    16 ||    42
       Ration            |       |     1 |       |     2 ||     3
Armor: Ring mail         |    40 |    42 |       |       ||    82
       Chain mail        |       |     2 |   110 |   226 ||   338
       Plate armour      |       |       |    55 |       ||    55
Dodge: Dodged            |    31 |    60 |   126 |   176 ||   393
